 Dungeon Crawl Stone Soup version 0.32-a0-673-g3729bd50f8 (webtiles) character file.

Game seed: 15901552583476501547

1292 whatisthis the Prestidigitator (level 8, -10/58 HPs)
             Began as a Gnoll Wanderer on Mar 11, 2024.
             Was an Initiate of Ashenzari.
             Mangled by a troll (13 damage)
             ... on level 6 of the Dungeon.
             The game lasted 00:13:13 (7414 turns).

whatisthis the Prestidigitator (Gnoll Wanderer)     Turns: 7414, Time: 00:13:14

Health: -10/58     AC:  4    Str: 15    XL:     8   Next: 56%
Magic:  13/14      EV: 12    Int: 16    God:    Ashenzari [......]
Gold:   218        SH:  0    Dex: 12    Spells: 15/16 levels left

rFire   . . .        g - +2 short sword (speed)
rCold   . . .        (no shield)
rNeg    . . .        o - +0 leather armour
rPois   .            s - +0 helmet
rElec   .            (no cloak)
rCorr   +            (no gloves)
SInv    .            (no boots)
Will    .....        (no amulet)
Stlth   ++           l - +6 ring of strength
HPRegen 0.29/turn    w - ring of resist corrosion
MPRegen 0.14/turn

%: no passive effects
@: about to teleport, very slightly contaminated
A: fangs 1, strong nose, distributed training
a: Renounce Religion, Curse Item


You were on level 6 of the Dungeon.
You worshipped Ashenzari.
Ashenzari was noncommittal.
You visited 2 branches of the dungeon, and saw 8 of its levels.

You collected 218 gold pieces.

Inventory:

Hand Weapons
 g - a +2 short sword of speed (weapon)
Missiles
 f - a boomerang
 n - 2 poisoned darts
Armour
 o - a +0 leather armour (worn)
 s - a +0 helmet (worn)
Jewellery
 l - a +6 ring of strength (left hand)
 w - a ring of resist corrosion (right hand)
Wands
 v - a wand of charming (8)
Scrolls
 a - 3 scrolls of identify {unknown}
 b - a scroll of acquirement {unknown}
 c - a scroll of brand weapon {unknown}
 e - 4 scrolls of enchant weapon {unknown}
 k - a scroll of poison {unknown}
 p - a scroll of silence {unknown}
 q - a scroll of teleportation
 u - 2 scrolls of enchant armour {unknown}
Potions
 d - 2 potions of lignification
 h - a potion of might {unknown}
 i - a potion of cancellation {unknown}
 j - a potion of resistance {unknown}
 m - 3 potions of curing
 r - 4 potions of berserk rage {unknown}
 t - a potion of mutation {unknown}
 x - a potion of brilliance {unknown}


   Skills:
 + Level 3.5 Fighting
 + Level 3.5 Short Blades
 + Level 3.5 Long Blades
 + Level 3.5 Axes
 + Level 3.5 Maces & Flails
 + Level 3.5 Polearms
 + Level 3.5 Staves
 + Level 3.5 Ranged Weapons
 + Level 4.4 Throwing
 + Level 3.5 Armour
 + Level 3.5 Dodging
 + Level 3.5 Stealth
 + Level 3.5 Shields
 + Level 5.8 Unarmed Combat
 + Level 4.5 Spellcasting
 + Level 2.9 Conjurations
 + Level 2.9 Hexes
 + Level 2.9 Summonings
 + Level 2.9 Necromancy
 + Level 2.9 Translocations
 + Level 2.9 Fire Magic
 + Level 2.9 Ice Magic
 + Level 4.8 Air Magic
 + Level 2.9 Earth Magic
 + Level 2.9 Alchemy
 + Level 3.9 Invocations
 + Level 9.3 Evocations
 + Level 3.2 Shapeshifting


You had 15 spell levels left.
You knew the following spells:

 Your Spells              Type           Power      Damage    Failure   Level
a - Shock                 Conj/Air       64%        1d7       4%          1

Your spell library contained the following spells:

 Spells                   Type           Power      Damage    Failure   Level
 Kiss of Death            Conj/Necr      48%        2d9       6%          1
 Mercury Vapours          Alch/Air       32%        N/A       6%          2
 Swiftness                Air            19%        N/A       9%          3
 Confusing Touch          Hex            12%        N/A       19%         3
 Summon Ice Beast         Ice/Summ       12%        N/A       19%         3
 Airstrike                Air            9%         2d(2-18)  26%         4
 Summon Lightning Spire   Summ/Air       16%        N/A       36%         4
 Anguish                  Hex/Necr       6%         N/A       52%         4
 Cause Fear               Hex            6%         N/A       52%         4
 Dispel Undead            Necr           12%        3d9       52%         4
 Summon Mana Viper        Hex/Summ       12%        N/A       86%         5
 Enfeeble                 Hex            6%         N/A       100%        7
 Monstrous Menagerie      Summ           6%         N/A       100%        7


Dungeon Overview and Level Annotations

Branches:
Dungeon (7/15)             Temple (1/1) D:6

Altars:
Ashenzari
Cheibriados
Dithmenos
Elyvilon
Fedhas
Gozag
Hepliaklqana
Makhleb
Nemelex Xobeh
Okawaru
Qazlal
Ru
Sif Muna
Trog
Uskayaw
Vehumet
Wu Jian
Xom
Yredelemnul
The Shining One

Shops:
D:3 =

Annotations:
D:3 exclusion: scorpion


Innate Abilities, Weirdness & Mutations

You have very sharp teeth.
Your uncanny sense of smell can sniff out nearby items.
Your experience applies equally to all skills.


Message History

The ufetubus shouts! x2; You hear an angry buzzing noise.
A killer bee comes into view.
The ufetubus slips past you! The ufetubus barely misses you.
The ufetubus hits you.
You hit the ufetubus but do no damage.
A killer bee comes into view.
The ufetubus hits you. x2; The ufetubus barely misses you.
The ufetubus closely misses you. The ufetubus misses you.
The ufetubus hits you.
There is a stone staircase leading up here.
Aiming: Shock (safe; 4% risk of failure)
Press: ? - help, Q - select action, (/) - cycle Shift-Dir - straight line You miscast Shock.
You are very lightly contaminated with residual magic.
Nothing appears to happen.
The ufetubus hits you. x2; The ufetubus misses you.
The ufetubus hits you but does no damage.
The ufetubus hits you but does no damage. x2
The ufetubus hits you.
The ufetubus hits you but does no damage.
The ufetubus slips past you! The ufetubus misses you. The ufetubus hits you.
You climb upwards.
The troll closely misses you. The troll claws you. The troll claws you!
The troll bites you!
* * * LOW HITPOINT WARNING * * *
The troll barely misses you. x2
There is a stone staircase leading down, spattered with blood here.
Unknown command.
As you read the scroll labelled KUBRODD LEM EWO, it crumbles to dust.
You feel strangely unstable.
It was a scroll of teleportation.
The ufetubus slips past you! The ufetubus hits you.
* * * LOW HITPOINT WARNING * * *
The ufetubus hits you.
* * * LOW HITPOINT WARNING * * *
The ufetubus hits you.
* * * LOW HITPOINT WARNING * * *
The ufetubus closely misses you. The ufetubus hits you.
* * * LOW HITPOINT WARNING * * *
The ufetubus closely misses you. The troll closely misses you.
The troll claws you but does no damage. The troll claws you!
You die...

#............####.#######
#.. #............# #.# ####
#..
#####........####.###...#
##..
#.#####.............####...
#.# #....................
#.# #.....).......#......
#.#####..........###.......
#.........T......##........
#######..5@......##........
####.5...............
#.................
#.......##........
###########....... ##......
#######


You could see a troll and 2 ufetubi.

Vanquished Creatures
  2 water moccasins
  A black bear (D:5)
  An ice beast (D:5)
  An ogre (D:5)
  A phantom (D:5)
  A gnoll sergeant (D:5)
  3 scorpions
  A jelly (D:5)
  A sleepcap (D:5)
  4 iguanas
  5 orc wizards
  4 gnolls
  9 adders
  A white imp (D:6)
  2 ufetubi (D:5)
  3 ribbon worms
  2 dart slugs
  14 orcs
  6 bats
  8 endoplasms
  6 giant cockroaches
  5 goblins
  8 hobgoblins
  4 jackals (D:2)
  3 quokkas
  6 ball pythons
  3 frilled lizards
  8 kobolds
  7 rats
120 creatures vanquished.

Notes
Turn   | Place    | Note
-------+----------+-------------------------------------------
     0 | D:1      | whatisthis the Gnoll Wanderer began the quest for the Orb.
     0 | D:1      | whatisthis set off with the following items: a +0 dagger, a
                  | wand of flame (7), a +0 robe, 2 potions of lignification;
                  | and the following spell memorised: Shock; and the following
                  | spells available to memorise: Mercury Vapours, Summon
                  | Lightning Spire.
     0 | D:1      | Reached XP level 1. HP: 13/13 MP: 4/4
   244 | D:1      | Reached XP level 2. HP: 19/19 MP: 0/5
  1004 | D:1      | Reached XP level 3. HP: 25/25 MP: 4/7
  1084 | D:1      | Reached skill level 1 in Invocations
  1456 | D:2      | Reached skill level 1 in Fighting
  1456 | D:2      | Reached skill level 1 in Short Blades
  1456 | D:2      | Reached skill level 1 in Long Blades
  1456 | D:2      | Reached skill level 1 in Axes
  1456 | D:2      | Reached skill level 1 in Maces & Flails
  1456 | D:2      | Reached skill level 1 in Polearms
  1456 | D:2      | Reached skill level 1 in Staves
  1456 | D:2      | Reached skill level 1 in Ranged Weapons
  1456 | D:2      | Reached skill level 1 in Armour
  1456 | D:2      | Reached skill level 1 in Dodging
  1456 | D:2      | Reached skill level 1 in Stealth
  1456 | D:2      | Reached skill level 1 in Shields
  1550 | D:2      | Reached skill level 1 in Shapeshifting
  1550 | D:2      | Reached XP level 4. HP: 31/32 MP: 1/8
  1998 | D:2      | Found a faded altar of an unknown god.
  2572 | D:3      | Found Faihun's Jewellery Boutique.
  2575 | D:3      | Reached skill level 1 in Conjurations
  2575 | D:3      | Reached skill level 1 in Hexes
  2575 | D:3      | Reached skill level 1 in Summonings
  2575 | D:3      | Reached skill level 1 in Necromancy
  2575 | D:3      | Reached skill level 1 in Translocations
  2575 | D:3      | Reached skill level 1 in Fire Magic
  2575 | D:3      | Reached skill level 1 in Ice Magic
  2575 | D:3      | Reached skill level 1 in Earth Magic
  2575 | D:3      | Reached skill level 1 in Alchemy
  2980 | D:3      | Noticed a scorpion
  3128 | D:3      | Reached XP level 5. HP: 37/37 MP: 7/9
  4216 | D:5      | Entered Level 5 of the Dungeon
  4234 | D:4      | Reached XP level 6. HP: 42/44 MP: 3/11
  4442 | D:5      | Reached skill level 5 in Unarmed Combat
  4547 | D:5      | Noticed an ice beast
  4978 | D:5      | Reached XP level 7. HP: 16/50 MP: 0/12
  5348 | D:5      | Reached skill level 9 in Evocations
  5651 | D:5      | Reached XP level 8. HP: 21/58 MP: 4/14
  6212 | D:6      | Found a staircase to the Ecumenical Temple.
  6233 | Temple   | Entered the Ecumenical Temple
  6247 | Temple   | Became a worshipper of Ashenzari the Shackled
  6286 | D:6      | Found a glowing drain.
  6362 | D:6      | Noticed a troll
  7164 | D:6      | Found a shadowy altar of Dithmenos.
  7414 | D:6      | Mangled by a troll

Illustrated notes

Levels and vault maps discovered:
D:1:      wander_arrival_chamber, layout_loops_corners
D:2:      layout_basic, ebering_ecumenical_altar_box
D:3:      cheibrodos_old_hovel, layout_loops_cross, serial_shops, shop
D:4:      layout_basic, corexii_hall_statues_i
D:5:      layout_basic
D:6:      layout_rooms, nicolae_dithmenos_through_a_glass_darkly,
          minmay_temple_entry_trees, cheibrodos_sewer_entry_drain
D:7:      layout_rooms, chequers_temple_overflow_statue_of_worship,
          uniq_menkaure, uniq_maurice
Temple:   nicolae_temple_bog_church

Skill      XL: |  1  2  3  4  5  6  7  8 |
---------------+-------------------------+-----
Invocations    | 1 2 3 |  3.9
Fighting       | 1 2 3 |  3.5
Short Blades   | 1 2 3 |  3.5
Long Blades    | 1 2 3 |  3.5
Axes           | 1 2 3 |  3.5
Maces & Flails | 1 2 3 |  3.5
Polearms       | 1 2 3 |  3.5
Staves         | 1 2 3 |  3.5
Ranged Weapons | 1 2 3 |  3.5
Armour         | 1 2 3 |  3.5
Dodging        | 1 2 3 |  3.5
Stealth        | 1 2 3 |  3.5
Shields        | 1 2 3 |  3.5
Shapeshifting  | 1 2 3 |  3.2
Spellcasting   | 3 4 |  4.5
Conjurations   | 1 2 |  2.9
Hexes          | 1 2 |  2.9
Summonings     | 1 2 |  2.9
Necromancy     | 1 2 |  2.9
Translocations | 1 2 |  2.9
Fire Magic     | 1 2 |  2.9
Ice Magic      | 1 2 |  2.9
Earth Magic    | 1 2 |  2.9
Alchemy        | 1 2 |  2.9
Throwing       | 3 4 |  4.4
Air Magic      | 4 |  4.8
Unarmed Combat | 5 |  5.8
Evocations     | 9 |  9.3

Action                     |  1- 3 |  4- 6 |  7- 9 || total
---------------------------+-------+-------+-------++-------
  Melee: Unarmed           |     9 |       |       ||     9
         Short sword       |     4 |    38 |    80 ||   122
         Bite              |       |     4 |     7 ||    11
  Throw: Dart              |       |       |     2 ||     2
   Cast: Shock             |    70 |   150 |   116 ||   336
  Evoke: Wand              |       |     3 |     4 ||     7
    Use: Potion            |       |     2 |     5 ||     7
         Scroll            |       |       |     1 ||     1
 Armour: Robe              |     5 |     3 |       ||     8
         Leather armour    |       |    35 |   117 ||   152
         Skin              |       |     5 |    27 ||    32
  Dodge: Dodged            |     8 |    36 |   103 ||   147

Table legend: (Time is in decaauts)
 A = Elapsed time spent in this place.
 B = Non-inter-level travel time spent in this place.
 C = Inter-level travel time spent in this place.
 D = Time resting spent in this place.
 E = Time spent auto-exploring this place.
 F = Levels seen in this place.
 G = Mean time per level.
                   A        B        C        D        E       F      G
               +--------+--------+--------+--------+--------+-----+--------+
         Total |   7365 |   7033 |    332 |   1092 |   4819 |   8 |  920.6 |
       Dungeon |   7336 |   7016 |    320 |   1092 |   4819 |   7 | 1048.0 |
        Temple |     29 |     17 |     12 |      0 |      0 |   1 |   29.0 |
               +--------+--------+--------+--------+--------+-----+--------+

Top non-repeatable levels by time:
     D:5: 2325 daAuts
     D:1: 1268 daAuts
     D:2: 1236 daAuts
     D:3: 1157 daAuts
     D:4: 690 daAuts
     D:6: 649 daAuts
  Temple: 29 daAuts
     D:7: 9 daAuts
